[Event "89_| Campeonato Brasileiro 2023"]
[Site "Recife"]
[Date "2023.12.14"]
[Round "3.5"]
[White "Lima, Stefan Moisei VIeir"]
[Black "Di Berardino, Diego Rafael"]
[Result "0-1"]
[ECO "E11"]
[WhiteElo "2155"]
[BlackElo "2477"]
[PlyCount "120"]
[EventDate "2023.??.??"]
[EventCountry "BRA"]
[TimeControl "90+30"]
[WhiteClock "0:03:48"]
[BlackClock "0:04:30"]

1. d4 Nf6 2. c4 e6 3. Nf3 Bb4+ 4. Nbd2 O-O 5. a3 Be7 6. e4 d6 7. b3 e5 8. Bb2 Nfd7 9. Bd3 exd4 10. Nxd4 Bf6 11. Rb1 c5 12. Ne2 Bxb2 13. Rxb2 a6 14. Nc3 Qf6 15. Qc1 Ne5 16. Be2 Nbc6 17. Nd5 Qh4 18. O-O Nd4 19. Qd1 Be6 20. f4 Nec6 21. Ne3 Rae8 22. g3 Qh6 23. Bg4 Ne5 24. Bxe6 fxe6 25. Rb1 Nec6 26. b4 Rf7 27. b5 axb5 28. cxb5 Ne7 29. Ndc4 e5 30. f5 d5 31. exd5 Nexf5 32. Nxf5 Nxf5 33. Qe2 e4 34. Qg4 Ne3 35. Nxe3 Qxe3+ 36. Kh1 Qd3 37. Rfd1 Qxa3 38. d6 Qf3+ 39. Qxf3 exf3 40. b6 Rd8 41. Rd5 Rf6 42. Rxc5 Rfxd6 43. Kg1 Rd2 44. Rf5 Rg2+ 45. Kh1 Rdd2 46. Rxf3 Rxh2+ 47. Kg1 Rdg2+ 48. Kf1 Rb2 49. Rxb2 Rxb2 50. Rc3 Rxb6 51. Kf2 Kf7 52. Rc7+ Kf6 53. Kf3 h5 54. Kf4 Rb4+ 55. Kf3 b6 56. Ke3 g6 57. Kf3 Kg5 58.
Rc6 Rb3+ 59. Kg2 Kf5 60. Kf2 g5 0-1

[Event "89_| Campeonato Brasileiro 2023"]
[Site "Recife"]
[Date "2023.12.14"]
[Round "3.6"]
[White "Santiago, Yago De Moura"]
[Black "Ribeiro, Matheus Mendes Domi"]
[Result "1-0"]
[ECO "D41"]
[WhiteElo "2476"]
[BlackElo "2136"]
[PlyCount "99"]
[EventDate "2023.??.??"]
[EventCountry "BRA"]
[TimeControl "90+30"]
[WhiteClock "0:16:17"]
[BlackClock "0:01:38"]

1. d4 d5 2. c4 e6 3. Nf3 Nf6 4. Nc3 c5 5. cxd5 Nxd5 6. e4 Nxc3 7. bxc3 cxd4 8.
cxd4 Bb4+ 9. Bd2 Bxd2+ 10. Qxd2 O-O 11. Bc4 b6 12. O-O Bb7 13. d5 exd5 14. exd5 Nd7 15. Rfe1 Qf6 16. Rad1 Rac8 17. Re4 Rfe8 18. Rxe8+ Rxe8 19. Bb5 Qd6 20. h4 h6 21. Qc2 a6 22. Bc6 Rc8 23. Nd4 Ne5 24. Nf5 Qf6 25. Qe4 Bxc6 26. dxc6 g6 27. Ne3 Nxc6 28. Nd5 Qe6 29. Qxe6 fxe6 30. Nxb6 Rb8 31. Nd7 Rb4 32. Rd6 Rc4 33. Rxe6 Kg7 34. g3 a5 35. a4 Rd4 36. Rxc6 Rxd7 37. Rc5 Ra7 38. Kf1 h5 39. Ke2 Ra6 40. Kd3 Kf6 41. Kc4 Ra8 42. Kb5 Ke6 43. Rg5 Kf6 44. Kb6 Rb8+ 45. Kxa5 Rb2 46. f4 Rb3 47. Ka6 Rb2 48. Rb5 Ra2 49. a5 Ra3 50. Kb7 1-0

[Event "89_| Campeonato Brasileiro 2023"]
[Site "Recife"]
[Date "2023.12.14"]
[Round "3.7"]
[White "Fiaes, Mario Henrique"]
[Black "Matsuura, Everaldo"]
[Result "1-0"]
[ECO "D36"]
[WhiteElo "2123"]
[BlackElo "2418"]
[PlyCount "73"]
[EventDate "2023.??.??"]
[EventCountry "BRA"]
[TimeControl "90+30"]
[WhiteClock "0:27:02"]
[BlackClock "0:04:45"]

1. d4 d5 2. c4 e6 3. Nf3 Nf6 4. Nc3 c6 5. cxd5 exd5 6.
Bg5 Be7 7. Qc2 g6 8. e3 Bf5 9. Bd3 Bxd3 10. Qxd3 Nbd7 11. O-O O-O 12. Rab1 a5 13. Qc2 Re8 {[%emt 0:00:00] D36: Queen's Gambit Declined:
Exchange Variation: Main line (5 Bg5 c6 6 Qc2).} 14. h3 Ne4 15. Bxe7 Qxe7 16. Nxe4 dxe4 17. Nd2 Nf6 18. Rfc1 Nd5 19. Qc5 $146 ({Predecessor:} 19. a3 Kg7 20. Qc5 Qxc5 21. Rxc5 f5 22. g3 Re7 23. b3 Rc7
24. Rbc1 Rd7 25. Nc4 {1/2-1/2 (58) Penalver,O (2108)-Friesen,B Copenhagen 2005}
) 19... Qh4 20. a3 Re6 21.
Qc2 g5 22. Qd1 f5 23. Nc4 g4 24. Qf1 Qg5 25. g3 $1 gxh3 $1 26.
Qxh3 $2 {[%eval -218,25] [%emt 0:00:00] [#]} (26. Ne5 $1 $11 {[%eval -13,28]
and White stays safe.}) 26... Rh6 27. Qg2 Re8 28. Re1 Nf6 (
{Black should play} 28... Qh5 $17 {[%eval -146,29] ...f4! is the strong threat.
} 29. Ne5 Kh8) 29. Ne5 $15 (29. Nxa5 $2 Ng4 $19) 29... Rxe5 30. dxe5 {[%emt 0:00:00] The position is equal.} Ng4 31. f4 $1 exf3 32. Qxf3 Nxe5 33. Qg2 $1 Ng4 34. Qf3 Nh2 35. Qg2 ({But not} 35. Qf4 Qxf4 36. gxf4 Nf3+ 37. Kg2 Nxe1+ 38. Rxe1 Rd6 $17) 35... Ng4 36. Re2 Rh2 37. Ree1 $2 {
[%eval -720,25] [%emt 0:00:00][%mdl 40960] Accuracy: White = 77%, Black = 73%.
. Loss on time!?} (37. Qf3 $11 Ne5 38. Qf1) 1-0

[Event "89_| Campeonato Brasileiro 2023"]
[Site "Recife"]
[Date "2023.12.14"]
[Round "3.8"]
[White "Molina, Roberto Junio Brito"]
[Black "Bouwman, Marcelo Wanderley"]
[Result "1-0"]
[ECO "E67"]
[WhiteElo "2381"]
[BlackElo "2116"]
[PlyCount "46"]
[EventDate "2023.??.??"]
[EventCountry "BRA"]
[TimeControl "90+30"]
[WhiteClock "0:49:01"]
[BlackClock "0:12:46"]

1. d4 Nf6 2. c4 g6 3. Nf3 Bg7 4. g3 O-O 5. Bg2 d6 6. O-O Nbd7 7. Nc3 e5 8.
dxe5 Nxe5 9. Qb3 Ned7 10. Be3 Ng4 11. Bd4 Bxd4 12. Nxd4 Nc5 13. Qc2 a5 14. Rad1 Kg7 15. b3 h5 16. h4 Re8 17. e4 c6 18. Qd2 Qe7 19. Nc2 Rd8 20. f3 Nh6 21. Rfe1 f6 22. Qd4 Bd7 23. Re3 Be8 1-0

[Event "89_| Campeonato Brasileiro 2023"]
[Site "Recife"]
[Date "2023.12.15"]
[Round "4.1"]
[White "Piccoli, Lucas Fonseca"]
[Black "Supi, Luis Paulo"]
[Result "1/2-1/2"]
[ECO "B62"]
[WhiteElo "2244"]
[BlackElo "2579"]
[PlyCount "104"]
[EventDate "2023.??.??"]
[EventCountry "BRA"]
[TimeControl "90+30"]
[WhiteClock "0:01:27"]
[BlackClock "0:00:34"]

1. e4 c5 2. Nf3 d6 3. d4 cxd4 4. Nxd4 Nf6 5. Nc3 Nc6 6.
Bg5 e6 7. Qd3 Bd7 8. O-O-O a6 9. f4 h6
{[%emt 0:00:00] B62: Sicilian: Richter-Rauzer: 6...e6: Unusual White 7th moves.
} 10. Bh4 Be7 11. Nf3 Qc7 {
[%emt 0:00:00] White is slightly better.} 12. Kb1 Rd8 13. Qe3 $146 ({Predecessor:} 13. Qd2 b5 14.
Bd3 b4 15. Ne2 Bc8 16. Rhg1 d5 17. e5 Ne4 18. Qe1 g5 19. Bg3 {0-1 (82) Van
Foreest,J (2714)-Shevchenko,K (2644) Germany 2022}) 13... b5 14. e5 dxe5 (14... Ng4 $5 15.
exd6 Nxe3 16. dxc7 Rc8 $11) 15. fxe5 Ng4 16.
Qf4 Ngxe5 {[%emt 0:00:00] And now ...g5 would win.} 17. Bxe7 Kxe7 18. Bd3 (
18. Be2 $11 ) 18... Qb8 (18... Rc8
$15 ) 19. Qh4+ (19. Nxe5 $11 {
[%eval 2,28] remains equal.} Qxe5 20. Qf3) 19... f6 $17 20.
Ne4 Bc8 21. Rhe1 Rhf8 22. Qh5 Rf7 23. Nh4 Kf8 24. Ng6+ (24. g4
$17 {[%eval -154,24] might work better.}) 24... Nxg6 $19 25.
Qxg6 Ne5 (25... Qxh2 $19 26. Rh1 Qe5) 26. Qh7 $17 Ke7 {[%emt 0:00:00]
...Bb7 is the strong threat.} 27. Be2 Bb7 28.
Rxd8 Qxd8 29. Rd1 g5 $1 30. Qxh6 Qg8 ({
Black should try} 30... Qf8 $15 31. Nxf6 Qxh6 32. Ng8+ {
[%mdl 64] Double Attack} Kf8 33. Nxh6 Rf2) 31. Qh3 $1 $40 {[%emt 0:00:02][%cal
Rh3a3][%mdl 128] White is up to no good.} Bxe4 32. Qa3+ Ke8 {[%emt 0:00:00] aiming for ...Qh7.} 33. Qxa6 Re7 34. Bh5+ Ng6 (34...
Bg6 $5 35. Rd8+ $8 {[%mdl 64] Decoy} Kxd8 36. Qa8+ Kd7 37. Qxg8 Bxh5 $11) 35.
Qc8+ $1 Kf7 36. Rd8 Qg7 37. Rh8 g4 38. a3 Bf5 (38... e5 $11 ) 39. g3 (39. Qd8 $16 ) 39... Be4 40. Ka1 $2 {[%eval -151,25] [%emt 0:00:21] [#]} (40. Qd8 $11 ) 40... Bxc2 $1 $17 41. Qb8 $2 (41. Qxc2 $17 Qxh8 42. Qxg6+ Kf8 43. Qxg4)
41... Bf5 42. Qc8 Be4 43.
Qd8 Bc2 $2 (43... e5 $1 $19 {
[%eval -325,26] has better winning chances. Hoping for ...Bc6.} 44. b4 Bc6) 44.
Qa8 $2 {[%eval -361,30] [%emt 0:00:24][%mdl 8192] [#]} (44. Ka2 $17 {[%eval
-102,28] was the only chance.}) 44... Bd3 $2 (
44... b4 $1 $19 {[%eval -361,30] is more deadly.} 45. a4 (45. axb4 Qxh8) 45...
Bb3) 45. Qd8 $2 {[%eval -286,22] [%emt 0:00:05] [#]} (45. Ka2 $17 {[%eval -97,
26] was the only defense.}) 45... Bf5 (45...
Be4 $1 $19 {[%eval -286,22] and Black stays clearly on top.} 46. Ka2 e5) 46.
Qa8 $2 {[%eval -277,34] [%emt 0:01:02] [#]} (46. b3 $17 {[%eval -116,29] was
forced.}) 46... Be4 $2 ({Black should play} 
46... b4 $1 $19 {[%eval -277,34][%cal Rb4a3] Threatens to win with ...bxa3.}
47. a4 b3) 47. Qc8 $2 ({White has to play} 47.
Qxe4 $15 Qxh8 48. Bxg6+ Kg8 49. Qxg4) 47... e5 $2 (47... Bb7 $19 48. Qd8 e5) 48. Qd8 $2 (48. Rd8 $1 $11 {[%eval 0,28] and
White has nothing to worry.}) 48... Ke6 $2 ({
Better is} 48... Bc6 $19 {[%eval -426,21] Strongly threatening ...Bb7.} 49. b3
Bd7 50. Bxg6+ Qxg6 51. Rf8+ Ke6 52. Qb6+ Kf5 53. Qf2+ Kg5 54. h4+ Kh5 55. Rxf6
Qd3) 49. Qc8+ $1 $11 Kf7 {[%emt 0:00:28] White must now
prevent ...Bd5.} 50. Qd8 $2 (50.
Rd8 $1 $11 ) 50... Ke6 51. Qc8+ $1 Kf7 52. Qd8 Ke6 $2 {[%eval 0,56] [%emt
0:00:32] Accuracy: White = 50%, Black = 53%.} (52... Bc6 $19 53. b3 Bd7 54. Bxg6+ Qxg6 55. Rf8+ Ke6 56. Qb6+ Kf5 57. Qf2+ Kg5 58. h4+ Kh5
59. Rxf6 Qd3) 1/2-1/2

[Event "89_| Campeonato Brasileiro 2023"]
[Site "Recife"]
[Date "2023.12.15"]
[Round "4.2"]
[White "Rocha, Vitor Firmo de Souz"]
[Black "Fier, Alexandr"]
[Result "0-1"]
[ECO "B44"]
[WhiteElo "2207"]
[BlackElo "2545"]
[PlyCount "66"]
[EventDate "2023.??.??"]
[EventCountry "BRA"]
[TimeControl "90+30"]
[WhiteClock "0:23:18"]
[BlackClock "0:58:51"]

1. e4 c5 2. Nf3 e6 3. d4 cxd4 4. Nxd4 Nc6 5. Nb5 d6 6. c4 Nf6 7. N1c3 a6 8. Na3 Be7 9. Be2 O-O 10. O-O b6 11. Be3 Bb7 12. Qb3 Ne5 13.
Bxb6 Qd7 14. Qc2 Nxe4 15. Nxe4 Qc6 16. Bd4 Qxe4 17. Qxe4 Bxe4 18. Rfd1 Nc6 19. Bc3 Rfc8 20. f3 Bg6 21. g3 Rab8 22. Rd2 Nb4 23. b3 d5 24. Kg2 h6 25. h4 Bc5 26. Be5 Ra8 27. Bc3 a5 28.
Nb5 Be3 29. Rb2 Nc2 30. Rd1 Bc5 31. Rc1 Na3 32. Rd1 Nxb5 33.
cxb5 Ba3 0-1

[Event "89_| Campeonato Brasileiro 2023"]
[Site "Recife"]
[Date "2023.12.15"]
[Round "4.3"]
[White "Alboredo, Julia"]
[Black "Quintiliano Pinto, Renato Rodrigues"]
[Result "0-1"]
[ECO "C41"]
[WhiteElo "2201"]
[BlackElo "2489"]
[PlyCount "74"]
[EventDate "2023.??.??"]
[EventCountry "BRA"]
[TimeControl "90+30"]
[WhiteClock "0:15:54"]
[BlackClock "0:14:45"]

1. e4 d6 2. d4 Nf6 3. Nc3 e5 4. Nf3 Nbd7 5. dxe5 dxe5 6. Bc4 Be7 7. O-O O-O 8. Bg5 c6 9. a4 Qc7 10. Bh4 Nc5 11. Bg3 Bd6 12. Qe2 Bg4 13.
h3 Bh5 14. Bh4 Be7 15. Qe3 Ncd7 16. Ne2 Bc5 17. Qd3 Be7 18. Ng3 Bg6 19. Qe2 Rfe8 20. Bxf6 Nxf6 21. Nh4 Rad8 22. Nhf5 Bf8 23. h4 Bxf5 24. Nxf5 g6 25. Ng3 h5 26. Rfd1 Bc5 27. Nf1 Kg7 28. Qf3 Rxd1 29. Rxd1 Rd8 30. Rd3 Rxd3 31. cxd3 Ng4 32. Ne3 Bxe3 33. fxe3 Qe7 34. d4 f6 35. d5 Qc5 36. b3 Nxe3 37. Qf2 Qd4 0-1

[Event "89_| Campeonato Brasileiro 2023"]
[Site "Recife"]
[Date "2023.12.15"]
[Round "4.5"]
[White "Lage, Pedro Ferreira"]
[Black "Santiago, Yago De Moura"]
[Result "0-1"]
[ECO "A10"]
[WhiteElo "2115"]
[BlackElo "2476"]
[PlyCount "67"]
[EventDate "2023.??.??"]
[EventCountry "BRA"]
[TimeControl "90+30"]
[WhiteClock "0:03:14"]
[BlackClock "1:05:01"]

1. Nf3 d5 2. e3 e6 3. b3 f5 4. Bb2 Nf6 5. c4 a5 6. a3 Bd6 7. Be2 O-O 8. O-O Qe7 9. Ne5 b6 10. d3 Bb7 11. Nd2 c6 12. Ra2 c5 13. Qa1 Qc7 14. f4 Nc6 15.
Ndf3 a4 16. bxa4 Rxa4 17. Nxc6 Bxc6 18. Ne5 dxc4 19. Nxc4 Be7 20. Be5 Qd8 21. Rc1 b5 22. Nd2 Bd5 23. Bd1 Ra7 24. Rb2 Qa8 25. Nb1 b4 26. a4 Nd7 27. Re2 Nxe5 28. Qxe5 Bf6 29. Qd6 Ra6 30. Qd7 Rf7 31. Qb5 Ra5 32. Qb6 Bd8 33. Qd6 Bb6 34. Qxb6 0-1

[Event "89_| Campeonato Brasileiro 2023"]
[Site "Recife"]
[Date "2023.12.15"]
[Round "4.6"]
[White "Madeira, Wagner Martins"]
[Black "Molina, Roberto Junio Brito"]
[Result "1/2-1/2"]
[ECO "B22"]
[WhiteElo "2114"]
[BlackElo "2381"]
[PlyCount "95"]
[EventDate "2023.??.??"]
[EventCountry "BRA"]
[TimeControl "90+30"]
[WhiteClock "0:00:37"]
[BlackClock "0:01:34"]

1. e4 c5 2. c3 d5 3. exd5 Qxd5 4. Nf3 g6 5. Na3 Bg7 6. Bc4 {[%emt 0:
00:00] B22: Sicilian: 2 c3.} Qe4+ 7. Kf1 {[%emt 0:00:00] Ng5
is the strong threat.} Be6 8. Bb5+ Bd7 9. Qb3 (9. Bc4 $11 Qf5 10. h3) 9... Bxb5+ 10. Nxb5 $146 ({
Predecessor:} 10. Qxb5+ Qc6 11. d3 a6 12. Qxc6+ Nxc6 13. Be3 b6 14. Nc4 Rb8 15.
Bf4 Rb7 16. Re1 {1/2-1/2 (45) Mangold,T (1896)-Giese,G (1899) Mecklenburg VP
2013}) 10... Qd3+ (10... Qc6 {with more complications.} 11. h4
h5 12. d4 a6 13. Na3 b5) 11. Kg1 Na6 12. c4 (12. Qa4 $11 Kf8 13. h4) 12...
Qd7 13. d3 Nh6 14. h4 (14. Bxh6 $11 {[%eval -25,25] keeps the balance.
} Bxh6 15. h4) 14... Nf5 (14... Ng4 $17 15. Be3 h5) 15. h5 $11 O-O 16. Bf4 Nb4 17. d4 Nxd4 18. Nbxd4 Bxd4 19. Nxd4 Qxd4 20. Be3 Qe5 21. a3 Nc6 22. Qxb7 Nd4 23. Bxd4 cxd4 24. Qf3 d3 25. Qxd3 Qxb2 26. Re1 e6 27. Qh3 {[%emt 0:05:16]
Strongly threatening hxg6.} Rfd8 28. hxg6 hxg6 29. Qh7+ Kf8 30. Rh3
$40 {[%emt 0:01:09][%mdl 128] White attacks.} Ke7 $2 (30... Rac8 $11 {[%eval 0,39] and Black stays safe.}) 31.
Rf3 $18 Rf8 32. Qh4+ Ke8 33. Qe4 {[%emt 0:00:21] White wants to mate with Qc6+.} Rd8 34. Qc6+ Ke7 35. Qc5+ {
[%emt 0:00:39][%mdl 64] [#] Double Attack} Rd6 36. Qxa7+ Rd7 (36... Ke8 $142 37. c5 Qd2) 37. Qc5+ Rd6 38. Qb4 $2 (38. Qc7+ $18 Rd7 39. Qc5+ Rd6
40. Qg5+ f6 41. Qxg6) 38... Rb8 $2 {[%eval 538,25] [%emt 0:00:08][%mdl 8192] 
[#]} ({Black should try} 38... Qxb4 $14 39. axb4 Rd4) 39. Rxf7+
$1 {[%emt 0:00:30][%mdl 576] Deflection} Kxf7 40. Qxd6 {
[%emt 0:00:00][%mdl 4096] Endgame KQR-KQR} Re8 41. c5 Qxa3 42. Qf4+ Kg7 43. Qe5+ Kf7 44. Ra1 Qb4 45. Ra7+ Re7 46. Qa1 $2 (46. Rxe7+ $18 Kxe7 47. Qg7+ {
[%mdl 64] Double Attack} Ke8 48. Qxg6+ Ke7 49. Qg7+ Ke8 50. c6 Qe1+ 51. Kh2
Qxf2 52. Qd7+ Kf8 53. Qxe6) 46... Qxc5 $11 47. Ra8 {[%emt 0:
00:23] Black must now prevent Rh8.} Rc7 48. g3 {[%emt 0:00:33]
Accuracy: White = 68%, Black = 53%.} 1/2-1/2

[Event "89_| Campeonato Brasileiro 2023"]
[Site "Recife"]
[Date "2023.12.15"]
[Round "4.7"]
[White "Filgueiras, Nathan Felipe"]
[Black "Cordeiro, Marco Aurelio Zaror"]
[Result "1-0"]
[ECO "C11"]
[WhiteElo "2295"]
[BlackElo "2054"]
[PlyCount "83"]
[EventDate "2023.??.??"]
[EventCountry "BRA"]
[TimeControl "90+30"]
[WhiteClock "0:07:46"]
[BlackClock "0:04:07"]

1. e4 Nf6 2. Nc3 d5 3. e5 Nfd7 4. d4 e6 5. Nce2 c5 6. c3 b6 7. Nf4 Ba6 8. Bxa6 Nxa6 9. Nf3 cxd4 10. cxd4 Bb4+ 11. Kf1 Nc7 12. g3 O-O 13. Kg2 Re8 14. h4 f6 15. Nd3 Bf8 16. exf6 gxf6 17. Bf4 Nb5 18. Qb3 Nd6 19. Rhe1 Nf7 20. Re2 Bg7 21. Rae1 Nf8 22. Bd2 Qd7 23. Nf4 Rad8 24. Nh5 Bh8 25. Nh2 e5 26. Qf3 f5 27. dxe5 Nxe5 28. Qb3 Qf7 29. Nf4 d4 30. Nf3 Qxb3 31. axb3 Nxf3 32. Kxf3 Kf7 33. Nd3 Ne6 34. Bf4 Bf6 35. b4 Rc8 36. Be5 Rcd8 37. Rc1 Bxe5 38. Rxe5 Rc8 39. Rxf5+ Kg6 40. Rxc8 Rxc8 41.
g4 Rc2 42. Re5 1-0

[Event "89_| Campeonato Brasileiro 2023"]
[Site "Recife"]
[Date "2023.12.15"]
[Round "4.8"]
[White "Mekhitarian, Krikor Sevag"]
[Black "Do Nascimento, Christian Almeida"]
[Result "1-0"]
[ECO "B76"]
[WhiteElo "2559"]
[BlackElo "2125"]
[PlyCount "76"]
[EventDate "2023.??.??"]
[EventCountry "BRA"]
[TimeControl "90+30"]
[WhiteClock "0:10:10"]
[BlackClock "0:02:58"]

1. e4 c5 2. Nf3 d6 3. d4 cxd4 4. Nxd4 Nf6 5. Nc3 g6 6. Be3 Bg7 7. f3 O-O 8. Qd2 Nc6 9. O-O-O Nxd4 10. Bxd4 Be6 11. Kb1 Qc7 12. h4 Rfc8 13. h5 b5 14. hxg6 hxg6 15. Nxb5 Qb7 16. b3 a6 17. Nc3 a5 18. Na4 Rc6 19. Bd3 Rac8 20. g4 Bc4 21. Rc1 Bb5 22. Bxb5 Qxb5 23. Bb2 Rc4 24. bxc4 Qxa4 25. g5 Nh5 26. Bxg7 Kxg7 27. c3 Rxc4 28.
Rc2 Qb5+ 29. Ka1 Qe5 30. Qd5 Qxd5 31. exd5 Rf4 32. Re1 Rxf3 33. Rxe7 Rf5 34. c4 Rxg5 35. Rd7 Nf4 36. Rxd6 Nd3 37. a3 Rg1+ 38. Ka2 g5 1-0

[Event "89_| Campeonato Brasileiro 2023"]
[Site "Recife"]
[Date "2023.12.16"]
[Round "5.2"]
[White "Quintiliano Pinto, Renato Rodrigues"]
[Black "Filgueiras, Nathan Felipe"]
[Result "1/2-1/2"]
[ECO "E04"]
[WhiteElo "2489"]
[BlackElo "2295"]
[PlyCount "101"]
[EventDate "2023.??.??"]
[EventCountry "BRA"]
[TimeControl "90+30"]
[WhiteClock "0:00:50"]
[BlackClock "0:01:33"]

1. d4 Nf6 2. Nf3 e6 3. g3 d5 4. c4 dxc4 5. Bg2 a6 6. O-O b5 7. Ne5 Nd5 8. a4 Bb7 9. b3 c3 {[%emt 0:00:00] With the
idea ...b4.} 10. axb5 {[%eval 1,33] [%emt 0:00:00] E04: Open Catalan: 5 Nf3.} (
10. e4 $14 c2 11. Qxc2) 10... axb5 $11 11.
Rxa8 Bxa8 12. e4 b4 $1 13. exd5 Bxd5 14. Bxd5 Qxd5 15. Qd3 Bd6 (15... f6 $5 16. Nc4 Nc6 $11) 16. Nxc3 {[%emt 0:00:00] The
position is equal.} bxc3 17. Qxc3 O-O 18. Bb2 $146 ({Predecessor:} 18. Be3 Na6 19.
Nc6 Nb8 20. Ne5 Bxe5 21. dxe5 Nc6 22. f4 Rb8 23. Rc1 Rxb3 24. Qxc6 Qxc6 25.
Rxc6 Rxe3 26. Rxc7 {0-1 (49) Duchene,R (2221)-Overeem,M (2288) Haarlem 2008})
18... Bxe5 19. dxe5 c5 20.
Rc1 Nd7 21. Qc2 Nxe5 22. Bxe5 Qxe5 23. Qxc5 {
[%emt 0:00:00][%mdl 4096] Endgame KQR-KQR} Qb2 24. b4 g6 25. Qc3 Qe2 26. Re1 Qa6 27. Qe5 Qb6 28. b5 Rc8 29. Rd1 Qb7 30. Rb1 Qb6 31.
Rd1 Qb7 32. h3 h5 33. Rb1 Qb6 34. Qf6 Rb8 35. Rb3 Qd6 {[%emt 0:01:27] [#] Hoping
for ...Qd1+.} 36. Qf3 e5 37. Rb1 Kg7 38. Qe3 Rb6 39. h4 Qf6 40. Qc5 Qe6 41. Re1 e4 42. Re3 Rd6 43. Kg2 Kh7 44. Qb4 Rb6 45. Qc5 Rd6 46. Re2 Rd5 47. Qc4 Qf5
{[%emt 0:00:22] [#] ( -> ...Qf3+)} 48. Rxe4 Rc5 49. Qd4 {[%emt 0:01:20] Black must now prevent Rf4.} Rd5 50. Qc4 {[%emt 0:00:38] Strongly threatening Re7.} Rc5 51. Qd4
{[%emt 0:01:30] Accuracy: White = 95%, Black = 95%.} 1/2-1/2

[Event "89_| Campeonato Brasileiro 2023"]
[Site "Recife"]
[Date "2023.12.16"]
[Round "5.3"]
[White "Santiago, Yago De Moura"]
[Black "Mekhitarian, Krikor Sevag"]
[Result "0-1"]
[ECO "E07"]
[WhiteElo "2476"]
[BlackElo "2559"]
[PlyCount "88"]
[EventDate "2023.??.??"]
[EventCountry "BRA"]
[TimeControl "90+30"]
[WhiteClock "0:30:12"]
[BlackClock "0:02:49"]

1. d4 d5 2. c4 e6 3. Nf3 Nf6 4. Nc3 Nbd7 5. g3 Be7 6. Bg2 O-O 7. O-O dxc4 8. e4 b5 {[%emt 0:00:00] E07: Closed Catalan: Main Line (5 Nf3 0-0 6
0-0 Nbd7).} 9. e5 Nd5 10. Nxd5 (10. Nxb5 $11 h6 11. Qe2) (10. Nxb5 $11 {
[%eval 0,29] was the only way to keep the balance.} Bb7 11. Qe2) 10... exd5 $17
{[%emt 0:00:00] Black is better.Black is better.} 11. h4 Nb6
$146 ({Predecessor:} 11... h6 12. Nh2 Nb6 13. Be3 a5 14. f4 f5
15. exf6 Bxf6 16. Ng4 Bxg4 17. Qxg4 Qc8 {[%eval -25,25] 0-1 (52) Seeman,T 
(2398)-Kovalev,V (2674) Puhajarve 2019} (17... Re8 $17 18.
Bf2 c6)) ({Predecessor:} 11... h6 12. Nh2 Nb6 13. Be3 a5 14. f4 f5 15. exf6
Bxf6 16. Ng4 Bxg4 17. Qxg4 Qc8 {0-1 (52) Seeman,T (2398)-Kovalev,V (2674)
Puhajarve 2019}) 12. Ng5 h6 13. Nh3 Bf5 14. Be3 Qd7 15.
Kh2 Rad8 16. Rg1 (16. Qd2 $17 ) 16... f6 $19 17. f4 {
[%emt 0:00:00] [#]} Na4 (17... c5 $1 $19 18. Qd2 (18. dxc5 Na4) 18... Na4) 18. g4 $17 Bd3 (18... Nxb2 $2 {[%eval 166,
21][%mdl 8192] 18...Be4 -1.32} 19. Qe2 $11) (18... Be4 $17 19. g5 hxg5 $1) ({Worse is} 18... Nxb2 19. Qe2 $16) (18... Be4 $17 19. Qe2 Bd3) 19. g5 $1 $15 hxg5 $1 ({Reject} 19... Nxb2 {[%eval 18,28] 19...hxg5 -0.71} 20. Qd2 $15) 20. hxg5 fxe5 21. fxe5 Nxb2 ({Better is} 21... g6 $17 {[%eval -78,28] And now ...c5
would win.} 22. Nf4 Bf5 $1 23. Bxd5+ Kg7 $1) (21... g6 $17 22.
Nf4 Nxb2) 22. Qd2 $11 Na4 ({
Black should try} 22... Ba3 $1 $11 23. g6 Bxg6) 23. Nf4 $2 {
[%eval -83,26] [%emt 0:00:00] [#]} (23. g6 $1 $14 {[%eval 42,29] stays ahead.})
(23. g6 $1 $14 {[%eval 68,25] was forced to keep a grip.}) 23... Rxf4 $1 $17 24. Bxf4 Rf8 (
24... Qf5 $17 {[%eval -91,27] aiming for ...c3.} 25. Bh3 Qg6 $1) (24... Qf5 $17
{[%eval -79,28] aiming for ...c5.} 25. Bh3 Qg6) 25. Be3 $2 {[%eval -159,24] 
[%emt 0:00:00] [#]} (25. g6 $1 $11 {[%eval -13,26] remains equal.}) (25. g6 $11 ) 25... b4 $1 26. Bh3 (26. g6 $17 {[%eval -143,29] [#] might work better.} Rf5 $1 27. Bh3)
26... Bf5 $19 27. Bxf5 Qxf5 28. Raf1 (28. Qg2 $142 Qh7+
29. Qh3) 28... Qh7+ ({But not} 28... Qxf1 $2 {[%eval 634,24]
28...Qh7+ -2.77} 29. Rxf1 Rxf1 30. Qg2 $18) 29. Kg3 $2 (29. Kg2 {[%eval -246,27] is the only way for White.} Qe4+ 30. Kh3 $2 (30. Kg3 Nc3 31. Rxf8+ Kxf8 32. Re1)) (29.
Kg2 $142 Qe4+ 30. Kg3) 29... Nc3 30. Rxf8+ Bxf8 31. Qg2 Ne4+ 32. Kg4 g6 33. Rh1 Qd7+ 34. Kf3 Qf5+ 35. Bf4 Be7 36. Ke3 Nc3 37. e6 Qxe6+ 38. Be5 {[%emt 0:00:00]
Rh8+ is the strong threat. Black must now prevent Rh8+.} Qf5 39. Bf6 {[%emt 0:00:00] intending Rh8+.} Qd3+ 40. Kf4 Bd6+ 41. Kg4 Qf5+ 42. Kh4 Ne4 {[%emt 0:00:09] ( -> ...Nf2)} 43. Rf1 Bg3+ 44. Qxg3 Nxg3 {[%eval
-4039,41] [%emt 0:00:04] Accuracy: White = 38%, Black = 79%. . Accuracy: White
= 39%, Black = 80%.} (44... Qxf1 $142 45. Qxc7 Qh1+ 46. Kg4
Qh5+ 47. Kf4 Qh2+ {[%mdl 64] Double Attack} 48. Kg4 Qxc7 49. Be5 Qd7+ 50. Kf3
Qh3+ 51. Bg3 Qxg3+ {[%mdl 64] Double Attack} 52. Ke2 Qf2+ {[%mdl 64] Double
Attack} 53. Kd1 Qd2#) 0-1